[ AOE2 MATCH · #505030100 ]
UnrankedMongols vs Muisca
Player's team · WIN
Rival team · LOSS
[ REPLAY ANALYSIS · EXTRACTED FROM THE RECORDED GAME ]
Feudal
11:21
Castle
16:10
Imperial
—
| APM avg | 56.0 |
| APM peak | 81 |
| eAPM avg | 18.7 |
| Villagers / military | 31 / 17 |
Focus
⚔️ 30.9% · 🌾 69.1%
Archer ×13 · Militia ×4
Feudal
8:51
Castle
—
Imperial
—
| APM avg | 76.5 |
| APM peak | 110 |
| eAPM avg | 24.6 |
| Villagers / military | 39 / 8 |
Focus
⚔️ 34.6% · 🌾 65.4%
Unknown (2550) ×5 · Archer ×4 · Skirmisher ×4
Match map
Initial resources + every placement click. Lines = walls · curves = elevation contours. ◆ gold · ⬟ stone · ● berries · ✦ relic · ◌ wall gap
Your base· Open — 4t gap
假如种子不死's base· Open — unwalled flank
Smoothed initial terrain · ◌ = detected wall gap · hover for details
Inputs per minute
— inscale - - 假如种子不死
Build order — inscale
88 actions detected in the replay
| 0:00 | Queue | Villager (Male) |
| 0:01 | Queue | Villager (Male) |
| 0:02 | Build | House |
| 0:03 | Build | House |
| 0:09 | Queue | Villager (Male) |
| 0:09 | Queue | Villager (Male) |
| 1:25 | Queue | Villager (Male) |
| 1:25 | Queue | Villager (Male) |
| 1:25 | Queue | Villager (Male) |
| 1:49 | Queue | Villager (Male) |
| 1:49 | Queue | Villager (Male) |
| 1:52 | Build | Lumber Camp |
| 2:20 | Queue | Villager (Male) |
| 2:49 | Queue | Villager (Male) |
| 2:50 | Queue | Villager (Male) |
| 2:51 | Queue | Villager (Male) |
| 3:29 | Queue | Villager (Male) |
| 3:54 | Build | House |
| 4:02 | Queue | Villager (Male) |
| 4:08 | Queue | Villager (Male) |
| 4:19 | Queue | Villager (Male) |
| 4:49 | Queue | Villager (Male) |
| 4:49 | Queue | Villager (Male) |
| 5:04 | Queue | Villager (Male) |
| 5:10 | Build | Barracks |
| 5:10 | Queue | Villager (Male) |
| 5:26 | Queue | Villager (Male) |
| 5:43 | Build | House |
| 5:50 | Queue | Villager (Male) |
| 5:54 | Queue | Villager (Male) |
| 6:11 | Queue | Militia |
| 6:11 | Queue | Militia |
| 6:17 | Build | House |
| 6:37 | Queue | Militia |
| 6:37 | Queue | Militia |
| 6:43 | Build | Mill |
| 6:49 | Queue | Villager (Male) |
| 7:29 | Build | Farm |
| 8:31 | Build | Mining Camp |
| 8:35 | Research | Loom |
| 8:40 | Research | Feudal Age |
| 8:40 | Research | Feudal Age |
| 9:00 | Build | Palisade Wall |
| 9:07 | Build | Palisade Wall |
| 9:18 | Build | Palisade Wall |
| 9:19 | Build | Palisade Wall |
| 9:22 | Build | Palisade Wall |
| 9:24 | Build | Palisade Wall |
| 9:26 | Build | Palisade Wall |
| 9:27 | Build | Palisade Wall |
| 9:29 | Build | Palisade Wall |
| 9:38 | Queue | Villager (Male) |
| 10:17 | Build | Palisade Wall |
| 10:40 | Build | Palisade Wall |
| 10:57 | Build | Farm |
| 11:21 | Age | Feudal Age |
| 11:26 | Build | Archery Range |
| 11:32 | Build | Blacksmith |
| 11:38 | Queue | Villager (Male) |
| 12:01 | Queue | Villager (Male) |
| 12:09 | Build | Archery Range |
| 12:17 | Build | Farm |
| 12:22 | Queue | Archer |
| 12:22 | Queue | Archer |
| 12:33 | Build | House |
| 12:43 | Queue | Archer |
| 12:49 | Queue | Villager (Male) |
| 12:54 | Queue | Archer |
| 13:02 | Build | Farm |
| 13:17 | Build | House |
| 13:30 | Research | Castle Age |
| 13:33 | Queue | Archer |
| 13:33 | Queue | Archer |
| 13:39 | Build | Farm |
| 13:51 | Queue | Archer |
| 14:05 | Build | Farm |
| 14:20 | Queue | Archer |
| 14:21 | Queue | Archer |
| 14:34 | Build | House |
| 14:57 | Research | Fletching |
| 14:57 | Queue | Archer |
| 14:58 | Queue | Archer |
| 15:22 | Queue | Villager (Male) |
| 15:26 | Build | Farm |
| 15:32 | Queue | Archer |
| 15:32 | Queue | Archer |
| 15:48 | Queue | Villager (Male) |
| 16:10 | Age | Castle Age |
Build order — 假如种子不死
93 actions detected in the replay
| 0:00 | Queue | Villager (Male) |
| 0:01 | Queue | Villager (Male) |
| 0:01 | Queue | Villager (Male) |
| 0:02 | Queue | Villager (Male) |
| 0:02 | Build | House |
| 0:04 | Build | House |
| 1:34 | Queue | Villager (Male) |
| 1:34 | Queue | Villager (Male) |
| 2:00 | Queue | Villager (Male) |
| 2:00 | Queue | Villager (Male) |
| 2:24 | Queue | Villager (Male) |
| 2:25 | Queue | Villager (Male) |
| 2:31 | Build | Settlement |
| 2:43 | Queue | Villager (Male) |
| 3:11 | Queue | Villager (Male) |
| 3:11 | Queue | Villager (Male) |
| 3:27 | Queue | Villager (Male) |
| 3:27 | Queue | Villager (Male) |
| 4:18 | Queue | Villager (Male) |
| 4:51 | Queue | Villager (Male) |
| 4:52 | Queue | Villager (Male) |
| 4:52 | Queue | Villager (Male) |
| 5:19 | Build | Barracks |
| 5:31 | Queue | Villager (Male) |
| 6:12 | Research | Loom |
| 6:12 | Research | Loom |
| 6:29 | Research | Feudal Age |
| 6:29 | Research | Feudal Age |
| 6:49 | Queue | Unit 2550 |
| 6:49 | Queue | Unit 2550 |
| 6:58 | Build | Settlement |
| 7:32 | Queue | Unit 2550 |
| 7:59 | Queue | Unit 2550 |
| 8:31 | Build | Palisade Wall |
| 8:33 | Build | Palisade Wall |
| 8:40 | Queue | Villager (Male) |
| 8:51 | Age | Feudal Age |
| 8:54 | Build | House |
| 8:59 | Build | Archery Range |
| 9:05 | Research | Tech 1402 |
| 9:05 | Research | Tech 1402 |
| 9:09 | Queue | Villager (Male) |
| 9:28 | Build | Settlement |
| 9:39 | Queue | Villager (Male) |
| 9:51 | Build | Farm |
| 9:52 | Build | Farm |
| 10:03 | Queue | Villager (Male) |
| 10:04 | Queue | Villager (Male) |
| 10:32 | Queue | Villager (Male) |
| 10:33 | Queue | Archer |
| 10:49 | Queue | Archer |
| 10:54 | Queue | Villager (Male) |
| 10:57 | Queue | Unit 2550 |
| 11:04 | Build | Farm |
| 11:27 | Queue | Villager (Male) |
| 11:31 | Queue | Villager (Male) |
| 11:32 | Build | Farm |
| 11:51 | Build | Farm |
| 12:09 | Queue | Villager (Male) |
| 12:12 | Build | Blacksmith |
| 12:23 | Build | House |
| 12:24 | Build | House |
| 12:37 | Queue | Villager (Male) |
| 12:55 | Queue | Archer |
| 12:57 | Queue | Villager (Male) |
| 13:12 | Build | House |
| 13:16 | Queue | Archer |
| 13:18 | Queue | Villager (Male) |
| 13:24 | Research | Fletching |
| 13:44 | Build | House |
| 14:00 | Queue | Villager (Male) |
| 14:03 | Build | Farm |
| 14:04 | Queue | Skirmisher |
| 14:12 | Build | House |
| 14:16 | Build | Palisade Wall |
| 14:17 | Build | Palisade Wall |
| 14:19 | Queue | Villager (Male) |
| 14:30 | Build | Farm |
| 14:31 | Queue | Villager (Male) |
| 14:58 | Queue | Skirmisher |
| 15:06 | Queue | Villager (Male) |
| 15:07 | Build | Farm |
| 15:22 | Queue | Villager (Male) |
| 15:25 | Queue | Skirmisher |
| 15:33 | Build | Farm |
| 15:46 | Research | Padded Archer Armor |
| 15:46 | Research | Padded Archer Armor |
| 15:52 | Queue | Skirmisher |
| 15:53 | Queue | Villager (Male) |
| 16:02 | Research | Town Watch |
| 16:02 | Research | Town Watch |
| 16:06 | Build | House |
| 16:08 | Build | Palisade Wall |
Match timeline
| 5:10 | inscale · first_building Barracks |
| 5:19 | 假如种子不死 · first_building Barracks |
| 8:31 | 假如种子不死 · wall_segment Palisade Wall x1 |
| 8:33 | 假如种子不死 · wall_segment Palisade Wall x1 |
| 8:51 | 假如种子不死 · age_up feudal |
| 8:59 | 假如种子不死 · first_building Archery Range |
| 9:00 | inscale · wall_segment Palisade Wall x11 |
| 9:07 | inscale · wall_segment Palisade Wall x7 |
| 9:18 | inscale · wall_segment Palisade Wall x1 |
| 9:19 | inscale · wall_segment Palisade Wall x1 |
| 9:22 | inscale · wall_segment Palisade Wall x1 |
| 9:24 | inscale · wall_segment Palisade Wall x1 |
| 9:26 | inscale · wall_segment Palisade Wall x1 |
| 9:27 | inscale · wall_segment Palisade Wall x1 |
| 9:29 | inscale · wall_segment Palisade Wall x1 |
| 10:17 | inscale · wall_segment Palisade Wall x1 |
| 10:40 | inscale · wall_segment Palisade Wall x1 |
| 11:21 | inscale · age_up feudal |
| 11:26 | inscale · first_building Archery Range |
| 14:16 | 假如种子不死 · wall_segment Palisade Wall x7 |
| 14:17 | 假如种子不死 · wall_segment Palisade Wall x6 |
| 16:08 | 假如种子不死 · wall_segment Palisade Wall x12 |
| 16:10 | inscale · age_up castle |
| 16:21 | 假如种子不死 · resign |
[ AI ANALYSIS · 1 CREDIT ]
What really happened in this match?
Wolo.gg analyzes every decision: build order, eco, micro, common mistakes by bracket. Personalized analysis on WhatsApp or Discord in 30 seconds.
Civ guide
Mongols
Perfil
inscale